Minnesota North Stars vs New York Rangers
Created - Saturday, July 15, 2023 at 07:06
Goals
|
| Minnesota North Stars |
1 |
1 |
0 |
0 |
2 |
| New York Rangers |
1 |
0 |
1 |
1 |
3 |
|
Shots
|
| Minnesota North Stars |
18 |
5 |
4 |
0 |
27 |
| New York Rangers |
8 |
19 |
9 |
1 |
37 |
|
1st period
1. Minnesota North Stars , Evgeni Malkin 7 (Jack Hughes 10, Alex Goligoski 1) at 2:24
2. New York Rangers , Pierre-Luc Dubois 3 (Blake Wheeler 7, Mark Giordano 2) at 14:24
Penalties :
Nathan MacKinnon (NYR) for Roughing (Minor) at 3:06, Mark Giordano (NYR) for Slashing (Minor) at 7:29, Patrice Bergeron (NYR) for Tripping (Minor) at 11:25
2nd period
3. Minnesota North Stars , Nino Niederreiter 3 (Conor Sheary 3) at 15:26
Penalties :
Conor Garland (NYR) for Goalie Interference (Minor) at 6:18, Pierre-Luc Dubois (NYR) for Hooking (Minor) at 9:00, Adam Larsson (NYR) for Tripping (Minor) at 11:59, Jeff Skinner (MNS) for Hooking (Minor) at 18:34
3rd period
4. New York Rangers , Cam Fowler 2 (Patrice Bergeron 7) at 17:10 (PP)
Penalties :
Alex Goligoski (MNS) for Hooking (Minor) at 16:34
Overtime #1
5. New York Rangers , Mikael Granlund 3 (Patrice Bergeron 8) at 0:06
Penalties :
No Penalty
Goalie Stats
Brian Elliott (MNS), 34 saves from 37 shots - (0.919), OTL, 8-5-2, 60:06 minutes
Igor Shesterkin (NYR), 25 saves from 27 shots - (0.926), W, 9-4-1, 60:06 minutes
Players Stats for Minnesota North Stars
Player Name G A P +/- PIM S H SB GA TA FO MP PP MP PK MP
------------------------------------------------------------------------------------
Adam Lowry 0 0 0 0 0 0 1 0 0 1 6/8 12:55 0:00 1:08
Alex Goligoski 0 1 1 0 2 1 1 1 0 0 0/0 21:02 5:23 0:00
Andrew Poturalski 0 0 0 1 0 1 0 0 0 0 2/3 7:28 0:00 0:00
Anthony Duclair 0 0 0 0 0 1 1 0 1 0 0/0 17:54 5:09 0:00
Conor Sheary 0 1 1 1 0 1 0 0 0 0 0/1 7:28 0:00 0:00
Evgeni Malkin 1 0 1 0 0 6 0 1 0 0 6/18 19:51 5:16 1:18
Gustav Forsling 0 0 0 0 0 1 1 1 0 1 0/0 19:53 6:31 0:46
Gustav Nyquist 0 0 0 0 0 4 0 0 0 1 1/1 12:09 0:07 0:00
Jack Hughes 0 1 1 0 0 4 0 0 1 0 2/2 19:24 5:16 0:57
Jamie Oleksiak 0 0 0 1 0 0 0 1 0 0 0/0 12:59 0:00 0:00
Jeff Skinner 0 0 0 -1 2 2 1 1 0 0 0/1 19:34 6:31 0:00
Jonathan Toews 0 0 0 -1 0 0 0 0 1 0 14/25 20:54 6:31 1:27
Neal Pionk 0 0 0 0 0 0 3 1 0 3 0/0 22:03 5:23 0:46
Nino Niederreiter 1 0 1 1 0 2 1 0 0 0 0/0 7:55 0:05 0:00
Rasmus Dahlin 0 0 0 -1 0 0 1 0 0 0 0/0 25:18 6:31 1:49
Viktor Arvidsson 0 0 0 -1 0 2 0 0 0 0 0/0 19:27 6:31 0:00
Yegor Sharangovich 0 0 0 0 0 1 0 2 0 0 0/0 12:43 0:16 0:20
Zdeno Chara 0 0 0 0 0 1 3 2 0 0 0/0 18:56 0:00 1:49
Players Stats for New York Rangers
Player Name G A P +/- PIM S H SB GA TA FO MP PP MP PK MP
------------------------------------------------------------------------------------
Adam Larsson 0 0 0 0 2 1 0 1 0 1 0/0 23:31 0:00 4:30
Andre Burakovsky 0 0 0 1 0 1 0 0 0 0 0/0 14:26 1:18 0:00
Blake Wheeler 0 1 1 1 0 1 1 0 0 0 1/2 14:18 1:17 0:00
Cam Fowler 1 0 1 0 0 3 3 4 1 0 0/0 26:46 1:15 6:29
Cole Caufield 0 0 0 0 0 3 1 0 1 0 0/0 12:45 1:18 0:00
Conor Garland 0 0 0 0 2 0 0 0 1 0 1/5 12:58 0:00 1:17
David Kampf 0 0 0 0 0 5 0 1 1 0 7/12 13:10 0:00 5:43
Dmitry Kulikov 0 0 0 0 0 0 0 0 0 0 0/0 17:38 0:00 4:53
Eric Robinson 0 0 0 0 0 2 0 1 0 1 0/0 13:10 0:00 5:43
Jake McCabe 0 0 0 0 0 1 0 0 0 0 0/0 20:16 0:00 6:02
Mark Giordano 0 1 1 0 2 2 0 1 0 0 0/0 16:01 1:20 0:50
Mikael Granlund 1 0 1 -1 0 3 1 1 0 0 1/3 20:33 1:10 5:56
Nathan MacKinnon 0 0 0 -1 2 1 1 0 0 0 1/1 14:09 1:17 0:00
Patrice Bergeron 0 2 2 -1 2 5 2 2 0 0 6/13 19:20 1:12 4:49
Pierre-Luc Dubois 1 0 1 1 2 3 4 0 1 1 6/14 15:43 1:15 0:40
Ryan Lindgren 0 0 0 0 0 0 0 1 0 0 0/0 12:37 0:00 0:32
T.J. Oshie 0 0 0 0 0 6 1 0 1 0 3/6 12:56 1:20 0:00
Tyler Motte 0 0 0 0 0 0 1 0 0 0 2/3 8:13 0:13 0:12
3 Stars
1 - Cam Fowler (NYR)
2 - Pierre-Luc Dubois (NYR)
3 - Nino Niederreiter (MNS)
Power Play
Minnesota North Stars - 0 on 6 Attempt(s) - 0.00%
New York Rangers - 1 on 2 Attempt(s) - 50.00%
Penalty Kill
Minnesota North Stars - 1 on 2 Attempt(s) - 50.00%
- Score 0 goal in Penalty Kill
New York Rangers - 6 on 6 Attempt(s) - 100.00%
- Score 0 goal in Penalty Kill
Team Stat
Minnesota North Stars - Hits : 13 - Faceoff Wins : 31 - Blocked Shots : 10 - Penalty Minutes : 4
New York Rangers - Hits : 15 - Faceoff Wins : 28 - Blocked Shots : 12 - Penalty Minutes : 12
Official
Referees : Greg Kimmerly and Graham Skiliter
Linesman : Ryan Galloway and Greg Devorski
Game Notes
No Game Note
Finance
Level 1 -- Attendance: 6000 (100.00%) -- Ticket Income $612,000
Level 2 -- Attendance: 5000 (100.00%) -- Ticket Income $315,000
Level 3 -- Attendance: 3000 (100.00%) -- Ticket Income $123,000
Level 4 -- Attendance: 5000 (100.00%) -- Ticket Income $140,000
Luxury Box -- Attendance: 1000 (100.00%) -- Ticket Income $195,000
Game was played at the Madison Square Garden.
Total Attendance: 20000 (100.00%)
Total Ticket Income: $1,385,000
Other Income: $484,750
Total Income: $1,869,750
Minnesota North Stars
5 vs 5 Forward
Center Left Wing Right Wing Time % Phy DF OF
1 Evgeni Malkin Jack Hughes Anthony Duclair 32 1 2 2
2 Jonathan Toews Jeff Skinner Viktor Arvidsson 32 1 2 2
3 Adam Lowry Gustav Nyquist Yegor Sharangovich 26 1 2 2
4 Andrew Poturalski Nino Niederreiter Conor Sheary 10 1 2 2
5 vs 5 Defense
Defense Defense Time % Phy DF OF
1 Rasmus Dahlin Zdeno Chara 30 1 2 2
2 Neal Pionk Alex Goligoski 30 1 2 2
3 Jamie Oleksiak Gustav Forsling 25 1 2 2
4 Rasmus Dahlin Zdeno Chara 15 1 2 2
PowerPlay Forward
Center Left Wing Right Wing Time % Phy DF OF
1 Evgeni Malkin Jack Hughes Anthony Duclair 50 1 2 2
2 Jonathan Toews Jeff Skinner Viktor Arvidsson 50 1 2 2
PowerPlay Defense
Defense Defense Time % Phy DF OF
1 Rasmus Dahlin Gustav Forsling 50 1 2 2
2 Neal Pionk Alex Goligoski 50 1 2 2
Penalty Kill 4 Players Forward
Center Wing Time % Phy DF OF
1 Jonathan Toews Evgeni Malkin 50 1 2 2
2 Adam Lowry Jack Hughes 50 1 2 2
Penalty Kill 4 Players Defense
Defense Defense Time % Phy DF OF
1 Rasmus Dahlin Zdeno Chara 50 1 2 2
2 Neal Pionk Gustav Forsling 50 1 2 2
Penalty Kill - 3 Players Forward
Forward Time % Phy DF OF
1 Evgeni Malkin 50 1 2 2
2 Jonathan Toews 50 1 2 2
Penalty Kill - 3 Players Defense
Defense Defense Time % Phy DF OF
1 Rasmus Dahlin Zdeno Chara 50 1 2 2
2 Neal Pionk Gustav Forsling 50 1 2 2
4 vs 4 Forward
Center Wing Time % Phy DF OF
1 Evgeni Malkin Jack Hughes 50 1 2 2
2 Jonathan Toews Jeff Skinner 50 1 2 2
4 vs 4 Defense
Defense Defense Time % Phy DF OF
1 Rasmus Dahlin Zdeno Chara 50 1 2 2
2 Neal Pionk Alex Goligoski 50 1 2 2
Last Minutes Offensive
Center Left Wing Right Wing Defense Defense
Jonathan Toews Jack Hughes Evgeni Malkin Rasmus Dahlin Zdeno Chara
Last Minutes Defensive
Center Left Wing Right Wing Defense Defense
Jonathan Toews Adam Lowry Evgeni Malkin Rasmus Dahlin Zdeno Chara
Goaltenders
Starting : Brian Elliott
Backup : Antti Raanta
Extra Forwards
Normal : Evgeni Malkin, Jeff Skinner, Yegor Sharangovich - PP : Jack Hughes, Jeff Skinner - PK : Jonathan Toews
Extra Defensemen
Normal : Jamie Oleksiak, Gustav Forsling, Neal Pionk - PP : Gustav Forsling - PK : Gustav Forsling, Neal Pionk
Penalty Shots
Evgeni Malkin, Jack Hughes, Jeff Skinner, Anthony Duclair, Viktor Arvidsson
New York Rangers
5 vs 5 Forward
Center Left Wing Right Wing Time % Phy DF OF
1 Patrice Bergeron Mikael Granlund Nathan MacKinnon 30 1 2 2
2 Pierre-Luc Dubois Andre Burakovsky Blake Wheeler 30 1 2 2
3 T.J. Oshie Conor Garland Cole Caufield 25 1 2 2
4 David Kampf Eric Robinson Tyler Motte 15 1 2 2
5 vs 5 Defense
Defense Defense Time % Phy DF OF
1 Cam Fowler Adam Larsson 30 1 2 2
2 Mark Giordano Jake McCabe 30 1 2 2
3 Ryan Lindgren Dmitry Kulikov 25 1 2 2
4 Cam Fowler Adam Larsson 15 1 2 2
PowerPlay Forward
Center Left Wing Right Wing Time % Phy DF OF
1 Patrice Bergeron Blake Wheeler Nathan MacKinnon 50 1 2 2
2 Mikael Granlund Andre Burakovsky Cole Caufield 50 1 2 2
PowerPlay Defense
Defense Defense Time % Phy DF OF
1 Cam Fowler Pierre-Luc Dubois 50 1 2 2
2 Mark Giordano T.J. Oshie 50 1 2 2
Penalty Kill 4 Players Forward
Center Wing Time % Phy DF OF
1 Patrice Bergeron Mikael Granlund 50 1 2 2
2 David Kampf Eric Robinson 50 1 2 2
Penalty Kill 4 Players Defense
Defense Defense Time % Phy DF OF
1 Cam Fowler Adam Larsson 50 1 2 2
2 Jake McCabe Dmitry Kulikov 50 1 2 2
Penalty Kill - 3 Players Forward
Forward Time % Phy DF OF
1 Nathan MacKinnon 50 1 2 2
2 Patrice Bergeron 50 1 2 2
Penalty Kill - 3 Players Defense
Defense Defense Time % Phy DF OF
1 Cam Fowler Adam Larsson 50 1 2 2
2 Jake McCabe Dmitry Kulikov 50 1 2 2
4 vs 4 Forward
Center Wing Time % Phy DF OF
1 Nathan MacKinnon Patrice Bergeron 50 1 2 2
2 Mikael Granlund Blake Wheeler 50 1 2 2
4 vs 4 Defense
Defense Defense Time % Phy DF OF
1 Cam Fowler Adam Larsson 50 1 2 2
2 Mark Giordano Dmitry Kulikov 50 1 2 2
Last Minutes Offensive
Center Left Wing Right Wing Defense Defense
Nathan MacKinnon Mikael Granlund Blake Wheeler Cam Fowler Adam Larsson
Last Minutes Defensive
Center Left Wing Right Wing Defense Defense
Nathan MacKinnon Mikael Granlund Blake Wheeler Cam Fowler Adam Larsson
Goaltenders
Starting : Igor Shesterkin
Backup : Tristan Jarry
Extra Forwards
Normal : Tyler Motte, Andre Burakovsky, Conor Garland - PP : Tyler Motte, Andre Burakovsky - PK : Conor Garland
Extra Defensemen
Normal : Dmitry Kulikov, Jake McCabe, Mark Giordano - PP : Dmitry Kulikov - PK : Jake McCabe, Mark Giordano
Penalty Shots
Nathan MacKinnon, Patrice Bergeron, Mikael Granlund, Blake Wheeler, Pierre-Luc Dubois
% Time on Ice - Minnesota North Stars
Lines # - Real PCT - Wanted PCT - Time Play
Normal Forward
1 - 28% - 32% - 12:50
2 - 30% - 32% - 13:40
3 - 26% - 26% - 11:39
4 - 16% - 10% - 7:28
Normal Defense
1 - 29% - 30% - 13:16
2 - 34% - 30% - 15:40
3 - 27% - 25% - 12:09
4 - 10% - 15% - 4:32
PP Forward
1 - 45% - 50% - 5:18
2 - 55% - 50% - 6:36
PP Defense
1 - 55% - 50% - 6:31
2 - 45% - 50% - 5:23
PK Forward
1 - 56% - 50% - 1:27
2 - 44% - 50% - 1:08
PK Defense
1 - 70% - 50% - 1:49
2 - 30% - 50% - 0:46
PK3 Forward
1 - 0% - 50%
2 - 0% - 50%
PK3 Defense
1 - 0% - 50%
2 - 0% - 50%
44 Forward
1 - 0% - 50%
2 - 0% - 50%
44 Defense
1 - 0% - 50%
2 - 0% - 50%
Last Minute Offensive - 0:00
Last Minute Defensive - 0:00
Total
Forward - 60:06
Defense - 60:06
|
% Time on Ice - New York Rangers
Lines # - Real PCT - Wanted PCT - Time Play
Normal Forward
1 - 29% - 30% - 13:20
2 - 30% - 30% - 13:31
3 - 25% - 25% - 11:20
4 - 16% - 15% - 7:26
Normal Defense
1 - 31% - 30% - 13:59
2 - 32% - 30% - 14:30
3 - 26% - 25% - 12:05
4 - 11% - 15% - 5:03
PP Forward
1 - 50% - 50% - 1:17
2 - 50% - 50% - 1:18
PP Defense
1 - 48% - 50% - 1:15
2 - 52% - 50% - 1:20
PK Forward
1 - 50% - 50% - 5:56
2 - 50% - 50% - 5:58
PK Defense
1 - 54% - 50% - 6:29
2 - 46% - 50% - 5:25
PK3 Forward
1 - 0% - 50%
2 - 0% - 50%
PK3 Defense
1 - 0% - 50%
2 - 0% - 50%
44 Forward
1 - 0% - 50%
2 - 0% - 50%
44 Defense
1 - 0% - 50%
2 - 0% - 50%
Last Minute Offensive - 0:00
Last Minute Defensive - 0:00
Total
Forward - 60:06
Defense - 60:06
|
Play-by-Play
1st period
0:01 of 1st period - Nathan MacKinnon wins face-off versus Evgeni Malkin in neutral zone.
0:12 of 1st period - Slapshot by Patrice Bergeron.
0:12 of 1st period - Stopped by Brian Elliott with a rebound.
0:18 of 1st period - Mikael Granlund is hit by Anthony Duclair and loses puck.
1:26 of 1st period - Snap shot by Andrew Poturalski.
1:26 of 1st period - Stopped by Igor Shesterkin without a rebound.
1:27 of 1st period - Adam Lowry wins face-off versus David Kampf in New York Rangers zone.
1:32 of 1st period - Wrist shot by Adam Lowry.
1:32 of 1st period - Shot Misses the Net.
1:42 of 1st period - Snap shot by David Kampf.
1:42 of 1st period - Shot Misses the Net.
2:05 of 1st period - Snap shot by Viktor Arvidsson.
2:05 of 1st period - Stopped by Igor Shesterkin with a rebound.
2:24 of 1st period - Wrist shot by Evgeni Malkin.
2:24 of 1st period - Goal by Evgeni Malkin - Minnesota North Stars : 1 - New York Rangers : 0.
2:25 of 1st period - David Kampf wins face-off versus Evgeni Malkin in neutral zone.
2:34 of 1st period - Slapshot by David Kampf.
2:34 of 1st period - Stopped by Brian Elliott without a rebound.
2:35 of 1st period - Evgeni Malkin wins face-off versus Tyler Motte in Minnesota North Stars zone.
2:44 of 1st period - Snap shot by Evgeni Malkin.
2:44 of 1st period - Stopped by Igor Shesterkin without a rebound.
2:45 of 1st period - Jonathan Toews wins face-off versus Patrice Bergeron in New York Rangers zone.
3:06 of 1st period - Minor Penalty to Nathan MacKinnon for Roughing.
3:07 of 1st period - Patrice Bergeron wins face-off versus Evgeni Malkin in New York Rangers zone.
5:06 of 1st period - Penalty to Nathan MacKinnon is over, Nathan MacKinnon is back on ice.
5:39 of 1st period - Snap shot by T.J. Oshie.
5:39 of 1st period - Stopped by Brian Elliott with a rebound.
6:16 of 1st period - Snap shot by Adam Lowry.
6:16 of 1st period - Shot Misses the Net.
6:18 of 1st period - Snap shot by Alex Goligoski.
6:18 of 1st period - Shot Misses the Net.
6:30 of 1st period - Wrist shot by Gustav Nyquist.
6:30 of 1st period - Stopped by Igor Shesterkin with a rebound.
6:36 of 1st period - Snap shot by Yegor Sharangovich.
6:36 of 1st period - Stopped by Igor Shesterkin with a rebound.
6:38 of 1st period - Wrist shot by Gustav Nyquist.
6:38 of 1st period - Shot Misses the Net.
6:52 of 1st period - Wrist shot by Gustav Nyquist.
6:52 of 1st period - Shot Misses the Net.
6:54 of 1st period - Backhand shot by Gustav Nyquist.
6:54 of 1st period - Stopped by Igor Shesterkin with a rebound.
7:16 of 1st period - Snap shot by Gustav Nyquist.
7:16 of 1st period - Shot Misses the Net.
7:24 of 1st period - Wrist shot by Yegor Sharangovich.
7:24 of 1st period - Shot Misses the Net.
7:26 of 1st period - Slapshot by Alex Goligoski.
7:26 of 1st period - Stopped by Igor Shesterkin without a rebound.
7:27 of 1st period - Patrice Bergeron wins face-off versus Evgeni Malkin in New York Rangers zone.
7:29 of 1st period - Minor Penalty to Mark Giordano for Slashing.
7:30 of 1st period - David Kampf wins face-off versus Jonathan Toews in New York Rangers zone.
9:29 of 1st period - Penalty to Mark Giordano is over, Mark Giordano is back on ice.
9:46 of 1st period - Snap shot by T.J. Oshie.
9:46 of 1st period - Stopped by Brian Elliott without a rebound.
9:47 of 1st period - Andrew Poturalski wins face-off versus Pierre-Luc Dubois in Minnesota North Stars zone.
10:03 of 1st period - Ryan Lindgren is hit by Zdeno Chara and loses puck.
10:20 of 1st period - Slapshot by Gustav Nyquist.
10:20 of 1st period - Shot Blocked by Patrice Bergeron.
10:26 of 1st period - Zdeno Chara is hit by Mikael Granlund and loses puck.
11:01 of 1st period - Wrist shot by Evgeni Malkin.
11:01 of 1st period - Stopped by Igor Shesterkin with a rebound.
11:03 of 1st period - Slapshot by Anthony Duclair.
11:03 of 1st period - Stopped by Igor Shesterkin without a rebound.
11:04 of 1st period - Patrice Bergeron wins face-off versus Evgeni Malkin in New York Rangers zone.
11:25 of 1st period - Minor Penalty to Patrice Bergeron for Tripping.
11:26 of 1st period - Jack Hughes wins face-off versus David Kampf in New York Rangers zone.
11:39 of 1st period - Snap shot by Evgeni Malkin.
11:39 of 1st period - Stopped by Igor Shesterkin without a rebound.
11:40 of 1st period - Jonathan Toews wins face-off versus Conor Garland in New York Rangers zone.
12:13 of 1st period - Wrist shot by Jack Hughes.
12:13 of 1st period - Stopped by Igor Shesterkin without a rebound.
12:14 of 1st period - Jonathan Toews wins face-off versus Conor Garland in New York Rangers zone.
12:15 of 1st period - Wrist shot by Jeff Skinner.
12:15 of 1st period - Deflect By Viktor Arvidsson.
12:15 of 1st period - Shot Misses the Net.
12:15 of 1st period - Puck is out of play.
12:16 of 1st period - Jonathan Toews wins face-off versus Conor Garland in New York Rangers zone.
12:48 of 1st period - Slapshot by Jack Hughes.
12:48 of 1st period - Stopped by Igor Shesterkin with a rebound.
12:50 of 1st period - Snap shot by Neal Pionk.
12:50 of 1st period - Deflect By Evgeni Malkin.
12:50 of 1st period - Stopped by Igor Shesterkin without a rebound.
12:51 of 1st period - Jonathan Toews wins face-off versus David Kampf in New York Rangers zone.
12:58 of 1st period - Snap shot by Jeff Skinner.
12:58 of 1st period - Stopped by Igor Shesterkin without a rebound.
12:59 of 1st period - David Kampf wins face-off versus Jonathan Toews in New York Rangers zone.
13:08 of 1st period - Cam Fowler is hit by Jeff Skinner and loses puck.
13:25 of 1st period - Penalty to Patrice Bergeron is over, Patrice Bergeron is back on ice.
13:47 of 1st period - Adam Larsson is hit by Neal Pionk and loses puck.
14:08 of 1st period - Snap shot by Jeff Skinner.
14:08 of 1st period - Shot Blocked by Mark Giordano.
14:16 of 1st period - Wrist shot by Viktor Arvidsson.
14:16 of 1st period - Stopped by Igor Shesterkin with a rebound.
14:24 of 1st period - Wrist shot by Pierre-Luc Dubois.
14:24 of 1st period - Goal by Pierre-Luc Dubois - Minnesota North Stars : 1 - New York Rangers : 1.
14:25 of 1st period - Evgeni Malkin wins face-off versus Patrice Bergeron in neutral zone.
14:34 of 1st period - Wrist shot by Jack Hughes.
14:34 of 1st period - Stopped by Igor Shesterkin without a rebound.
14:35 of 1st period - Patrice Bergeron wins face-off versus Evgeni Malkin in New York Rangers zone.
15:27 of 1st period - Wrist shot by Jack Hughes.
15:27 of 1st period - Shot Misses the Net.
15:29 of 1st period - Wrist shot by Anthony Duclair.
15:29 of 1st period - Shot Blocked by Patrice Bergeron.
15:41 of 1st period - Snap shot by Patrice Bergeron.
15:41 of 1st period - Stopped by Brian Elliott with a rebound.
16:31 of 1st period - Snap shot by Mikael Granlund.
16:31 of 1st period - Shot Misses the Net.
16:57 of 1st period - Wrist shot by Evgeni Malkin.
16:57 of 1st period - Shot Blocked by Ryan Lindgren.
16:59 of 1st period - Wrist shot by Evgeni Malkin.
16:59 of 1st period - Shot Misses the Net.
17:01 of 1st period - Slapshot by Gustav Forsling.
17:01 of 1st period - Stopped by Igor Shesterkin with a rebound.
17:31 of 1st period - Slapshot by Mikael Granlund.
17:31 of 1st period - Stopped by Brian Elliott without a rebound.
17:32 of 1st period - Jonathan Toews wins face-off versus Pierre-Luc Dubois in Minnesota North Stars zone.
17:32 of 1st period - Jonathan Toews is hit by Cam Fowler.
17:58 of 1st period - Rasmus Dahlin is hit by Cole Caufield and loses puck.
18:43 of 1st period - Wrist shot by Pierre-Luc Dubois.
18:43 of 1st period - Stopped by Brian Elliott with a rebound.
19:10 of 1st period - Neal Pionk is hit by Tyler Motte and loses puck.
19:51 of 1st period - Jonathan Toews is hit by Pierre-Luc Dubois and loses puck.
Goals for this period are 1 for Minnesota North Stars vs 1 for New York Rangers.
Shots for this period are 18 for Minnesota North Stars vs 8 for New York Rangers.
2nd period
0:01 of 2nd period - Pierre-Luc Dubois wins face-off versus Jonathan Toews in neutral zone.
0:03 of 2nd period - Off-side.
0:04 of 2nd period - Jonathan Toews wins face-off versus Pierre-Luc Dubois in neutral zone.
0:15 of 2nd period - Wrist shot by Cam Fowler.
0:15 of 2nd period - Shot Blocked by Zdeno Chara.
0:17 of 2nd period - Snap shot by Cam Fowler.
0:17 of 2nd period - Deflect By Blake Wheeler.
0:17 of 2nd period - Stopped by Brian Elliott with a rebound.
0:19 of 2nd period - Slapshot by Adam Larsson.
0:19 of 2nd period - Stopped by Brian Elliott with a rebound.
0:33 of 2nd period - Slapshot by Mikael Granlund.
0:33 of 2nd period - Stopped by Brian Elliott with a rebound.
1:21 of 2nd period - Wrist shot by Jeff Skinner.
1:21 of 2nd period - Shot Blocked by Cam Fowler.
1:32 of 2nd period - Snap shot by Jeff Skinner.
1:32 of 2nd period - Shot Misses the Net.
1:34 of 2nd period - Slapshot by Zdeno Chara.
1:34 of 2nd period - Stopped by Igor Shesterkin with a rebound.
1:46 of 2nd period - Snap shot by Jeff Skinner.
1:46 of 2nd period - Deflect By Mikael Granlund.
1:46 of 2nd period - Stopped by Igor Shesterkin without a rebound.
1:47 of 2nd period - Evgeni Malkin wins face-off versus Pierre-Luc Dubois in New York Rangers zone.
1:52 of 2nd period - Snap shot by Evgeni Malkin.
1:52 of 2nd period - Stopped by Igor Shesterkin without a rebound.
1:53 of 2nd period - Pierre-Luc Dubois wins face-off versus Evgeni Malkin in New York Rangers zone.
1:53 of 2nd period - Pierre-Luc Dubois is hit by Neal Pionk.
2:55 of 2nd period - Wrist shot by Blake Wheeler.
2:55 of 2nd period - Shot Blocked by Neal Pionk.
2:57 of 2nd period - Slapshot by Mark Giordano.
2:57 of 2nd period - Stopped by Brian Elliott without a rebound.
2:58 of 2nd period - Evgeni Malkin wins face-off versus Conor Garland in Minnesota North Stars zone.
3:12 of 2nd period - Wrist shot by T.J. Oshie.
3:12 of 2nd period - Stopped by Brian Elliott with a rebound.
3:14 of 2nd period - Slapshot by Ryan Lindgren.
3:14 of 2nd period - Shot Misses the Net.
3:28 of 2nd period - Snap shot by Gustav Nyquist.
3:28 of 2nd period - Deflect By Yegor Sharangovich.
3:28 of 2nd period - Shot Blocked by Eric Robinson.
3:28 of 2nd period - Puck is out of play.
3:29 of 2nd period - David Kampf wins face-off versus Adam Lowry in New York Rangers zone.
3:44 of 2nd period - Snap shot by David Kampf.
3:44 of 2nd period - Stopped by Brian Elliott with a rebound.
4:16 of 2nd period - Cole Caufield is hit by Neal Pionk and loses puck.
4:31 of 2nd period - Snap shot by Cole Caufield.
4:31 of 2nd period - Shot Hit the Post.
4:33 of 2nd period - Slapshot by Adam Larsson.
4:33 of 2nd period - Shot Misses the Net.
4:37 of 2nd period - Wrist shot by T.J. Oshie.
4:37 of 2nd period - Stopped by Brian Elliott without a rebound.
4:38 of 2nd period - Jonathan Toews wins face-off versus Pierre-Luc Dubois in Minnesota North Stars zone.
4:38 of 2nd period - Jonathan Toews is hit by Pierre-Luc Dubois.
5:01 of 2nd period - Icing by Jeff Skinner.
5:02 of 2nd period - Tyler Motte wins face-off versus Jonathan Toews in Minnesota North Stars zone.
5:03 of 2nd period - Wrist shot by Eric Robinson.
5:03 of 2nd period - Shot Misses the Net.
5:05 of 2nd period - Slapshot by Ryan Lindgren.
5:05 of 2nd period - Deflect By Eric Robinson.
5:05 of 2nd period - Shot Misses the Net.
5:05 of 2nd period - Puck is out of play.
5:06 of 2nd period - Tyler Motte wins face-off versus Evgeni Malkin in Minnesota North Stars zone.
5:31 of 2nd period - Wrist shot by Cole Caufield.
5:31 of 2nd period - Stopped by Brian Elliott without a rebound.
5:32 of 2nd period - T.J. Oshie wins face-off versus Jonathan Toews in Minnesota North Stars zone.
5:33 of 2nd period - Snap shot by Conor Garland.
5:33 of 2nd period - Shot Misses the Net.
5:35 of 2nd period - Slapshot by Cam Fowler.
5:35 of 2nd period - Stopped by Brian Elliott without a rebound.
5:36 of 2nd period - T.J. Oshie wins face-off versus Jonathan Toews in Minnesota North Stars zone.
5:41 of 2nd period - Snap shot by T.J. Oshie.
5:41 of 2nd period - Stopped by Brian Elliott without a rebound.
5:42 of 2nd period - Pierre-Luc Dubois wins face-off versus Evgeni Malkin in Minnesota North Stars zone.
6:18 of 2nd period - Minor Penalty to Conor Garland for Goalie Interference.
6:19 of 2nd period - Jack Hughes wins face-off versus David Kampf in New York Rangers zone.
6:30 of 2nd period - Wrist shot by Evgeni Malkin.
6:30 of 2nd period - Shot Blocked by David Kampf.
8:18 of 2nd period - Penalty to Conor Garland is over, Conor Garland is back on ice.
8:30 of 2nd period - Conor Garland is hit by Nino Niederreiter and loses puck.
9:00 of 2nd period - Minor Penalty to Pierre-Luc Dubois for Hooking.
9:01 of 2nd period - David Kampf wins face-off versus Evgeni Malkin in New York Rangers zone.
11:00 of 2nd period - Penalty to Pierre-Luc Dubois is over, Pierre-Luc Dubois is back on ice.
11:35 of 2nd period - Wrist shot by T.J. Oshie.
11:35 of 2nd period - Stopped by Brian Elliott with a rebound.
11:37 of 2nd period - Snap shot by Cole Caufield.
11:37 of 2nd period - Stopped by Brian Elliott without a rebound.
11:38 of 2nd period - T.J. Oshie wins face-off versus Andrew Poturalski in Minnesota North Stars zone.
11:59 of 2nd period - Minor Penalty to Adam Larsson for Tripping.
12:00 of 2nd period - Evgeni Malkin wins face-off versus David Kampf in New York Rangers zone.
12:13 of 2nd period - Snap shot by Eric Robinson.
12:13 of 2nd period - Stopped by Brian Elliott without a rebound.
12:14 of 2nd period - Mikael Granlund wins face-off versus Jonathan Toews in Minnesota North Stars zone.
12:21 of 2nd period - Jeff Skinner is hit by Patrice Bergeron and loses puck.
12:26 of 2nd period - Slapshot by Patrice Bergeron.
12:26 of 2nd period - Stopped by Brian Elliott with a rebound.
12:28 of 2nd period - Wrist shot by Jake McCabe.
12:28 of 2nd period - Stopped by Brian Elliott with a rebound.
12:30 of 2nd period - Wrist shot by Cam Fowler.
12:30 of 2nd period - Stopped by Brian Elliott without a rebound.
12:31 of 2nd period - David Kampf wins face-off versus Evgeni Malkin in Minnesota North Stars zone.
12:38 of 2nd period - Wrist shot by Eric Robinson.
12:38 of 2nd period - Shot Misses the Net.
12:40 of 2nd period - Backhand shot by Jake McCabe.
12:40 of 2nd period - Shot Blocked by Evgeni Malkin.
12:42 of 2nd period - Slapshot by David Kampf.
12:42 of 2nd period - Shot Misses the Net.
12:44 of 2nd period - Slapshot by Jake McCabe.
12:44 of 2nd period - Deflect By Eric Robinson.
12:44 of 2nd period - Shot Hit the Post.
12:44 of 2nd period - Puck is out of play.
12:45 of 2nd period - Patrice Bergeron wins face-off versus Jeff Skinner in Minnesota North Stars zone.
12:46 of 2nd period - Snap shot by Mikael Granlund.
12:46 of 2nd period - Shot Blocked by Gustav Forsling.
13:17 of 2nd period - Wrist shot by Jeff Skinner.
13:17 of 2nd period - Shot Misses the Net.
13:59 of 2nd period - Penalty to Adam Larsson is over, Adam Larsson is back on ice.
14:38 of 2nd period - Snap shot by Cole Caufield.
14:38 of 2nd period - Stopped by Brian Elliott with a rebound.
14:50 of 2nd period - Off-side.
14:51 of 2nd period - Andrew Poturalski wins face-off versus Patrice Bergeron in neutral zone.
15:06 of 2nd period - Wrist shot by Nino Niederreiter.
15:06 of 2nd period - Shot Misses the Net.
15:26 of 2nd period - Snap shot by Nino Niederreiter.
15:26 of 2nd period - Goal by Nino Niederreiter - Minnesota North Stars : 2 - New York Rangers : 1.
15:27 of 2nd period - Pierre-Luc Dubois wins face-off versus Jonathan Toews in neutral zone.
15:52 of 2nd period - Evgeni Malkin is hit by Patrice Bergeron and loses puck.
16:15 of 2nd period - Slapshot by Gustav Nyquist.
16:15 of 2nd period - Stopped by Igor Shesterkin without a rebound.
16:16 of 2nd period - Conor Garland wins face-off versus Adam Lowry in New York Rangers zone.
16:47 of 2nd period - Viktor Arvidsson is hit by Blake Wheeler and loses puck.
18:08 of 2nd period - Snap shot by Patrice Bergeron.
18:08 of 2nd period - Deflect By Nathan MacKinnon.
18:08 of 2nd period - Stopped by Brian Elliott with a rebound.
18:10 of 2nd period - Slapshot by Patrice Bergeron.
18:10 of 2nd period - Stopped by Brian Elliott without a rebound.
18:11 of 2nd period - Jonathan Toews wins face-off versus Pierre-Luc Dubois in Minnesota North Stars zone.
18:34 of 2nd period - Minor Penalty to Jeff Skinner for Hooking.
18:35 of 2nd period - Adam Lowry wins face-off versus Mikael Granlund in Minnesota North Stars zone.
Goals for this period are 1 for Minnesota North Stars vs 0 for New York Rangers.
Shots for this period are 5 for Minnesota North Stars vs 19 for New York Rangers.
3rd period
0:01 of 3rd period - Jonathan Toews wins face-off versus Patrice Bergeron in neutral zone.
0:04 of 3rd period - Pierre-Luc Dubois is hit by Zdeno Chara and loses puck.
0:13 of 3rd period - Slapshot by Pierre-Luc Dubois.
0:13 of 3rd period - Shot Misses the Net.
0:15 of 3rd period - Snap shot by Cam Fowler.
0:15 of 3rd period - Shot Blocked by Zdeno Chara.
0:27 of 3rd period - Pierre-Luc Dubois is hit by Adam Lowry.
0:34 of 3rd period - Penalty to Jeff Skinner is over, Jeff Skinner is back on ice.
0:49 of 3rd period - Snap shot by Conor Sheary.
0:49 of 3rd period - Stopped by Igor Shesterkin without a rebound.
0:50 of 3rd period - David Kampf wins face-off versus Conor Sheary in New York Rangers zone.
0:57 of 3rd period - Snap shot by Dmitry Kulikov.
0:57 of 3rd period - Deflect By Eric Robinson.
0:57 of 3rd period - Shot Misses the Net.
0:57 of 3rd period - Puck is out of play.
0:58 of 3rd period - Pierre-Luc Dubois wins face-off versus Jonathan Toews in Minnesota North Stars zone.
1:39 of 3rd period - Icing by Dmitry Kulikov.
1:40 of 3rd period - Adam Lowry wins face-off versus Patrice Bergeron in New York Rangers zone.
1:41 of 3rd period - Wrist shot by Gustav Nyquist.
1:41 of 3rd period - Stopped by Igor Shesterkin without a rebound.
1:42 of 3rd period - Adam Lowry wins face-off versus Patrice Bergeron in New York Rangers zone.
1:47 of 3rd period - Wrist shot by Gustav Nyquist.
1:47 of 3rd period - Shot Misses the Net.
2:35 of 3rd period - Wrist shot by Patrice Bergeron.
2:35 of 3rd period - Deflect By Nathan MacKinnon.
2:35 of 3rd period - Shot Misses the Net.
2:35 of 3rd period - Puck is out of play.
2:36 of 3rd period - Blake Wheeler wins face-off versus Jonathan Toews in Minnesota North Stars zone.
2:51 of 3rd period - Slapshot by Viktor Arvidsson.
2:51 of 3rd period - Shot Blocked by Cam Fowler.
3:13 of 3rd period - Wrist shot by Jack Hughes.
3:13 of 3rd period - Shot Misses the Net.
3:25 of 3rd period - Wrist shot by Eric Robinson.
3:25 of 3rd period - Stopped by Brian Elliott with a rebound.
4:11 of 3rd period - Rasmus Dahlin is hit by Nathan MacKinnon and loses puck.
4:57 of 3rd period - Snap shot by Andre Burakovsky.
4:57 of 3rd period - Stopped by Brian Elliott without a rebound.
4:58 of 3rd period - Jonathan Toews wins face-off versus T.J. Oshie in Minnesota North Stars zone.
6:31 of 3rd period - Wrist shot by T.J. Oshie.
6:31 of 3rd period - Shot Misses the Net.
6:33 of 3rd period - Wrist shot by Mark Giordano.
6:33 of 3rd period - Shot Blocked by Jamie Oleksiak.
7:50 of 3rd period - Slapshot by David Kampf.
7:50 of 3rd period - Stopped by Brian Elliott with a rebound.
7:52 of 3rd period - Snap shot by David Kampf.
7:52 of 3rd period - Stopped by Brian Elliott without a rebound.
7:53 of 3rd period - Jonathan Toews wins face-off versus Pierre-Luc Dubois in Minnesota North Stars zone.
8:06 of 3rd period - Slapshot by Andre Burakovsky.
8:06 of 3rd period - Shot Blocked by Jeff Skinner.
8:45 of 3rd period - Wrist shot by Adam Lowry.
8:45 of 3rd period - Shot Blocked by Cam Fowler.
9:33 of 3rd period - Wrist shot by Jonathan Toews.
9:33 of 3rd period - Shot Misses the Net.
9:35 of 3rd period - Snap shot by Jack Hughes.
9:35 of 3rd period - Shot Misses the Net.
9:37 of 3rd period - Snap shot by Jack Hughes.
9:37 of 3rd period - Stopped by Igor Shesterkin without a rebound.
9:38 of 3rd period - Evgeni Malkin wins face-off versus Blake Wheeler in New York Rangers zone.
10:07 of 3rd period - Off-side.
10:08 of 3rd period - Jonathan Toews wins face-off versus Patrice Bergeron in neutral zone.
10:19 of 3rd period - Snap shot by Patrice Bergeron.
10:19 of 3rd period - Stopped by Brian Elliott without a rebound.
10:20 of 3rd period - Jonathan Toews wins face-off versus Pierre-Luc Dubois in Minnesota North Stars zone.
10:20 of 3rd period - Jonathan Toews is hit by Pierre-Luc Dubois.
10:32 of 3rd period - Snap shot by Viktor Arvidsson.
10:32 of 3rd period - Shot Blocked by Cam Fowler.
10:34 of 3rd period - Wrist shot by Zdeno Chara.
10:34 of 3rd period - Shot Misses the Net.
11:12 of 3rd period - Wrist shot by Mikael Granlund.
11:12 of 3rd period - Shot Misses the Net.
11:14 of 3rd period - Slapshot by Cam Fowler.
11:14 of 3rd period - Shot Blocked by Yegor Sharangovich.
11:16 of 3rd period - Snap shot by Adam Larsson.
11:16 of 3rd period - Deflect By Mikael Granlund.
11:16 of 3rd period - Shot Blocked by Yegor Sharangovich.
11:16 of 3rd period - Puck is out of play.
11:17 of 3rd period - Pierre-Luc Dubois wins face-off versus Jonathan Toews in Minnesota North Stars zone.
11:42 of 3rd period - Anthony Duclair is hit by T.J. Oshie and loses puck.
12:49 of 3rd period - Slapshot by Blake Wheeler.
12:49 of 3rd period - Shot Misses the Net.
12:51 of 3rd period - Wrist shot by Pierre-Luc Dubois.
12:51 of 3rd period - Stopped by Brian Elliott with a rebound.
14:44 of 3rd period - Wrist shot by Nathan MacKinnon.
14:44 of 3rd period - Shot Misses the Net.
15:30 of 3rd period - Backhand shot by Conor Sheary.
15:30 of 3rd period - Deflect By Nino Niederreiter.
15:30 of 3rd period - Stopped by Igor Shesterkin with a rebound.
15:38 of 3rd period - Dmitry Kulikov is hit by Gustav Forsling.
15:56 of 3rd period - David Kampf is hit by Rasmus Dahlin and loses puck.
16:09 of 3rd period - Conor Sheary is hit by Cam Fowler and loses puck.
16:28 of 3rd period - Slapshot by Mark Giordano.
16:28 of 3rd period - Stopped by Brian Elliott with a rebound.
16:30 of 3rd period - Snap shot by Mark Giordano.
16:30 of 3rd period - Deflect By David Kampf.
16:30 of 3rd period - Stopped by Brian Elliott without a rebound.
16:31 of 3rd period - Gustav Nyquist wins face-off versus T.J. Oshie in Minnesota North Stars zone.
16:31 of 3rd period - Gustav Nyquist is hit by Cam Fowler.
16:34 of 3rd period - Minor Penalty to Alex Goligoski for Hooking.
16:35 of 3rd period - Adam Lowry wins face-off versus Mikael Granlund in Minnesota North Stars zone.
16:43 of 3rd period - Wrist shot by Jonathan Toews.
16:43 of 3rd period - Shot Blocked by Mikael Granlund.
17:10 of 3rd period - Slapshot by Cam Fowler.
17:10 of 3rd period - Goal by Cam Fowler - Minnesota North Stars : 2 - New York Rangers : 2.
17:11 of 3rd period - Adam Lowry wins face-off versus T.J. Oshie in neutral zone.
17:22 of 3rd period - Snap shot by Gustav Nyquist.
17:22 of 3rd period - Shot Misses the Net.
17:24 of 3rd period - Snap shot by Adam Lowry.
17:24 of 3rd period - Shot Misses the Net.
17:26 of 3rd period - Snap shot by Yegor Sharangovich.
17:26 of 3rd period - Shot Blocked by Adam Larsson.
17:45 of 3rd period - Slapshot by Eric Robinson.
17:45 of 3rd period - Shot Misses the Net.
17:47 of 3rd period - Wrist shot by Cam Fowler.
17:47 of 3rd period - Shot Blocked by Alex Goligoski.
17:49 of 3rd period - Wrist shot by David Kampf.
17:49 of 3rd period - Shot Misses the Net.
18:19 of 3rd period - Dmitry Kulikov is hit by Alex Goligoski and loses puck.
18:26 of 3rd period - Jonathan Toews is hit by Pierre-Luc Dubois and loses puck.
18:55 of 3rd period - Wrist shot by Jeff Skinner.
18:55 of 3rd period - Shot Misses the Net.
19:15 of 3rd period - Slapshot by Yegor Sharangovich.
19:15 of 3rd period - Shot Misses the Net.
19:50 of 3rd period - Blake Wheeler is hit by Zdeno Chara and loses puck.
Goals for this period are 0 for Minnesota North Stars vs 1 for New York Rangers.
Shots for this period are 4 for Minnesota North Stars vs 9 for New York Rangers.
Overtime #1
0:01 of 1st overtime period - Patrice Bergeron wins face-off versus Evgeni Malkin in neutral zone.
0:06 of 1st overtime period - Snap shot by Mikael Granlund.
0:06 of 1st overtime period - Goal by Mikael Granlund - Minnesota North Stars : 2 - New York Rangers : 3.
Goals for this period are 0 for Minnesota North Stars vs 1 for New York Rangers.
Shots for this period are 0 for Minnesota North Stars vs 1 for New York Rangers.
Back to the Top